 Dungeon Crawl Stone Soup version 0.20-a0-673-g53087c7 (webtiles) character file.

222 Laan the Magician (level 5, 0/35 HPs)
             Began as a Mummy Ice Elementalist on Feb 18, 2017.
             Slain by an orc (3 damage)
             ... on level 4 of the Dungeon.
             The game lasted 00:07:09 (5509 turns).

Laan the Magician (Mummy Ice Elementalist)          Turns: 5509, Time: 00:07:10

Health: 0/35       AC:  3    Str: 12    XL:     5   Next: 66%
Magic:  4/11       EV: 12    Int: 15    God:
Gold:   165        SH:  0    Dex: 12    Spells: 10/13 levels left

rFire    . . .     SeeInvis .   k - +0 rapier
rCold    . . .     Gourm    .   a - +0 robe
rNeg     + + +     Faith    .   (no shield)
rPois    ∞         Spirit   .   (no helmet)
rElec    .         Reflect  .   f - +0 cloak
rCorr    .         Harm     .   (no gloves)
MR       .....                  (no boots)
Stlth    ++........             (no amulet)
Regen    0.2/turn               (no ring)
MPRegen  0.2/turn               e - ring of fire

@: no status effects
A: no food or potions, fire vulnerability, cold resistance 1, negative energy
resistance 3, torment resistance, unbreathing
a: no special abilities


You were on level 4 of the Dungeon.
You were not hungry.

You visited 1 branch of the dungeon, and saw 4 of its levels.

You collected 165 gold pieces.

Inventory:

Hand Weapons
 k - a +0 rapier (weapon)
Armour
 a - a +0 robe (worn)
 f - a +0 cloak (worn)
Jewellery
 e - a ring of fire (left hand)
Scrolls
 c - a scroll of random uselessness {unknown}
 d - 2 scrolls of amnesia {unknown}
 g - 3 scrolls of remove curse {unknown}
 h - 2 scrolls of teleportation {unknown}
 i - 2 scrolls of immolation {unknown}
 j - a scroll of fear {unknown}
 l - a scroll of identify {unknown}
 m - a scroll of recharging {unknown}
Books
 b - a book of Frost

   Spells                             Type                      Level
   a - Freeze                         Ice                          1
   b - Throw Frost                    Conjuration/Ice              2
   c - Ozocubu's Armour               Charms/Ice                   3
   d - Throw Icicle                   Conjuration/Ice              4
   e - Summon Ice Beast               Ice/Summoning                4


   Skills:
 - Level 1.5 Dodging
 - Level 1.5 Stealth
 + Level 4.5 Spellcasting
 * Level 3.2 Conjurations
 + Level 3.2 Ice Magic


You had 10 spell levels left.
You knew the following spells:

 Your Spells              Type           Power        Failure   Level  Hunger
a - Freeze                Ice            ##..         6%          1    N/A
b - Throw Frost           Conj/Ice       ##....       10%         2    N/A

Dungeon Overview and Level Annotations

Branches:
Dungeon (4/15)
 Temple: D:4-7

Altars:


Innate Abilities, Weirdness & Mutations

You do not eat or drink.
Your flesh is vulnerable to fire.
You are immune to poison.
Your flesh is cold resistant. (rC+)
You are immune to negative energy. (rN+++)
You are immune to unholy pain and torment.
You can survive without breathing.


Message History

Casting: Freeze
Confirm with . or Enter, or press ? or * to list all spells.
Aiming: Freeze
Press: ? - help, Shift-Dir - straight line, f/p - orc
Aim: an orc, wearing a leather armour (lightly wounded)
You freeze the orc.
The orc is severely wounded.
The orc misses you.
Casting: Freeze
Confirm with . or Enter, or press ? or * to list all spells.
Aiming: Freeze
Press: ? - help, Shift-Dir - straight line, f/p - orc
Aim: an orc, wearing a leather armour (severely wounded)
You freeze the orc.
The orc is severely wounded.
The orc priest invokes the aid of Beogh against you.
Beogh smites you!
* * * LOW HITPOINT WARNING * * *
The orc hits you.
You die...

.# #.# .# # #.# .#
.# #% .# ..# .##
#.## ..# #... ..#
#o.# #.## ##oJ#
#.)#############@#
#..............)##
..##########...##
### ###..# # ##.#
.# .. ..# ..#


You could see an orc priest, an ooze and an orc.

Vanquished Creatures
  Natasha (thrice) (D:2)
  2 hound skeletons (D:4)
  3 adders
  2 oozes
  3 worms
  2 leopard geckos (D:4)
  6 orcs
  2 ball pythons
  8 bats
  5 giant cockroaches
  5 goblins
  7 hobgoblins
  8 jackals
  2 quokkas (D:2)
  2 frilled lizards (D:1)
  6 kobolds
  8 rats
74 creatures vanquished.

Notes
Turn   | Place    | Note
-------+----------+-------------------------------------------
     0 | D:1      | Laan the Mummy Ice Elementalist began the quest for the Orb.
     0 | D:1      | Reached XP level 1. HP: 13/13 MP: 4/4
   185 | D:1      | Reached skill level 3 in Spellcasting
   527 | D:1      | Reached XP level 2. HP: 16/19 MP: 4/6
   532 | D:1      | Learned a level 2 spell: Throw Frost
   771 | D:1      | Reached skill level 1 in Conjurations
  1510 | D:2      | Reached XP level 3. HP: 24/24 MP: 5/8
  1951 | D:2      | Noticed Natasha
  1960 | D:2      | Killed Natasha
  2154 | D:2      | Noticed Natasha
  2164 | D:2      | Killed Natasha
  2164 | D:2      | Reached skill level 4 in Spellcasting
  2164 | D:2      | Reached XP level 4. HP: 4/30 MP: 2/10
  2617 | D:2      | Noticed Natasha
  2623 | D:2      | Killed Natasha
  3800 | D:3      | Reached XP level 5. HP: 34/35 MP: 8/11
  4400 | D:4      | Noticed a phantom
  5509 | D:4      | Slain by an orc

Vault maps used:
D:1:      scummos_arrival_forest, minmay_misc_feat_columns, st_stairs_7
D:2:      uniq_natasha
D:4:      first_bread, roderic_lattice_a, chei_slow_surprise

Skill      XL: |  1  2  3  4  5 |
---------------+----------------+-----
Spellcasting   | 3 4 |  4.5
Conjurations   | 1 2 3 |  3.2
Ice Magic      | 3 |  3.2
Dodging        | |  1.5
Stealth        | |  1.5

Action                   |  1- 3 |  4- 6 || total
-------------------------+-------+-------++-------
Melee: Unarmed           |     3 |     1 ||     4
       Rapier            |       |    18 ||    18
 Cast: Freeze            |    71 |    89 ||   160
       Throw Frost       |     2 |       ||     2
Armor: Robe              |     9 |    17 ||    26
Dodge: Dodged            |    31 |    44 ||    75
